 Dungeon Crawl Stone Soup version 0.31-a0-237-g2d982f9f85 (webtiles) character file.

Game seed: 11986542571636270067

233 qw the Shooter (level 6, 0/37 HPs)
             Began as a Gargoyle Hexslinger on July 11, 2023.
             Killed by divine providence
             ... invoked by an orc priest
              (12 damage)
             ... on level 4 of the Dungeon.
             The game lasted 00:00:54 (2087 turns).

qw the Shooter (Gargoyle Hexslinger)                Turns: 2087, Time: 00:00:55

Health: 0/37       AC:  9    Str: 12    XL:     6   Next: 4%
Magic:  7/7        EV: 15    Int: 13    God:
Gold:   209        SH:  0    Dex: 14    Spells: 6/7 levels left

rFire   . . .        Y - +2 sling (drain)
rCold   . . .        (no shield)
rNeg    + . .        k - +0 ring mail
rPois   inf          (no helmet)
rElec   +            (no cloak)
rCorr   .            (no gloves)
SInv    .            (no boots)
Will    .....        (no amulet)
Stlth   +            e - +5 ring of evasion
HPRegen 0.26/turn    (no ring)
MPRegen 0.10/turn

%: no passive effects
@: no status effects
A: sickness immunity, AC +4, negative energy resistance 1, electricity
resistance, torment resistance 1, petrification resistance
a: no special abilities


You were on level 4 of the Dungeon.
You visited 1 branch of the dungeon, and saw 4 of its levels.

You collected 209 gold pieces.


Innate Abilities, Weirdness & Mutations

You are immune to sickness and miasma.
Your stone body is resilient. (AC +4)
You are immune to poison.
You resist negative energy. (rN+)
You are resistant to electric shocks. (rElec)
You are resistant to unholy torment.
You are immune to petrification.


   Skills:
 - Level 3.3 Fighting
 + Level 5.0 Ranged Weapons
 - Level 1.3 Armour
 - Level 1.5 Dodging
 - Level 1.0 Spellcasting
 - Level 2.6 Hexes


You had 6 spell levels left.
You knew the following spells:

 Your Spells              Type           Power      Damage    Failure   Level
a - Slow                  Hex            28%        N/A       21%         1

Your spell library contained the following spells:

 Spells                   Type           Power      Damage    Failure   Level
 Inner Flame              Hex/Fire       4%         N/A       71%         3
 Portal Projectile        Hex/Tloc       8%         N/A       71%         3
 Cause Fear               Hex            3%         N/A       90%         4

Inventory:

Hand Weapons
 Y - a +2 sling of draining (weapon)
Armour
 k - a +0 ring mail (worn)
Jewellery
 e - a +5 ring of evasion (left hand)
Scrolls
 i - a scroll of identify
Potions
 f - a potion of degeneration {unknown}
 g - a potion of brilliance {unknown}
 h - a potion of might {unknown}
 j - a potion of haste {unknown}
 l - a potion of curing {unknown}

Dungeon Overview and Level Annotations

Branches:
Dungeon (4/15)
 Temple: D:4-7

Altars:
Fedhas
Gozag
Nemelex Xobeh


Message History

The sling bullet barely misses the orc.
You shoot a sling bullet. The sling bullet hits the orc priest.
You drain the orc priest.
You kill the orc priest!
An orc priest comes into view. It is wielding a +0 flail.
Your Fighting skill increases to level 3!
You have reached level 6!
You shoot a sling bullet. The sling bullet barely misses the orc.
You hear a shout!
An orc comes into view. It is wielding a +0 hand axe.
The orc misses you.
You shoot a sling bullet. The orc shouts!
The sling bullet hits the orc!
You kill the orc!
The orc priest calls down the wrath of Beogh upon you.
Pain shoots through your body!
You shoot a sling bullet.
The sling bullet completely misses the orc priest.
The orc priest mumbles some strange prayers to Beogh against you.
Pain shoots through your body!
You shoot a sling bullet.
The sling bullet barely misses the orc priest.
The orc priest hits you with a +0 flail.
You shoot a sling bullet.
The sling bullet closely misses the orc priest.
You shoot a sling bullet. The sling bullet hits the orc priest.
You drain the orc priest.
The orc priest is moderately wounded.
The orc priest barely misses you.
You shoot a sling bullet. The sling bullet hits the orc priest.
The orc priest is heavily wounded.
The orc priest calls down the wrath of Beogh upon you.
Pain shoots through your body! The orc misses you.
You shoot a sling bullet.
The sling bullet closely misses the orc priest.
The orc completely misses you.
The orc priest calls down the wrath of Beogh upon you.
Beogh smites you!
You die...

.. ##......## #.# ...
###..###### ###.#
....####...## ########...#
......)%.##########.....<..###
...##...#####.......########
#.#..%....#######
.......#...### #
...#######...#.# #### ###@..#
#$.oo..# #.####.... #. ##### #


You could see an orc priest (very drained) and an orc.

Vanquished Creatures
  An orc priest (D:4)
  2 iguanas
  3 gnolls (D:3)
  5 adders
  A worm (D:2)
  2 dart slugs
  4 orcs
  6 ball pythons
  5 endoplasms
  3 giant cockroaches
  4 hobgoblins
  3 jackals (D:2)
  2 quokkas
  5 bats
  3 frilled lizards
  13 goblins
  6 kobolds
  2 rats
70 creatures vanquished.

Notes
Turn   | Place    | Note
-------+----------+-------------------------------------------
     0 | D:1      | qw the Gargoyle Hexslinger began the quest for the Orb.
     0 | D:1      | Reached XP level 1. HP: 12/12 MP: 2/2
     0 | D:1      | 0 ||| qw: Version: 0.3-a-52-g30416fa
     0 | D:1      | 0 ||| qw: Game counter: 5472
     0 | D:1      | 0 ||| qw: Melee chars always use a shield: true
     0 | D:1      | 0 ||| qw: God list: Okawaru
     0 | D:1      | 0 ||| qw: Allow faded altars: false
     0 | D:1      | 0 ||| qw: Do Orc after clearing Dungeon:15 true
     0 | D:1      | 0 ||| qw: Do second Lair branch before Depths: true
     0 | D:1      | 0 ||| qw: Lair rune preference: random
     0 | D:1      | 0 ||| qw: Goals: Normal
     0 | D:1      | 0 ||| PLANNING D:1-11
   182 | D:1      | Reached XP level 2. HP: 16/16 MP: 3/3
   907 | D:1      | 907 ||| READING scroll labelled WAPASI HERGHI.
   911 | D:1      | 911 ||| READING scroll labelled ONEBUO LOTU.
   912 | D:1      | 912 ||| READING scroll labelled IWNECK BAPS.
   913 | D:1      | 913 ||| READING 2 scrolls labelled XENNIQUPIH.
   914 | D:1      | 914 ||| DROPPING scroll of poison.
   929 | D:2      | Reached skill level 3 in Ranged Weapons
   976 | D:2      | Reached XP level 3. HP: 20/21 MP: 4/4
  1171 | D:2      | Reached XP level 4. HP: 25/26 MP: 5/5
  1278 | D:2      | Reached skill level 4 in Ranged Weapons
  1435 | D:2      | Found a sparkling altar of Nemelex Xobeh.
  1488 | D:2      | 1488 ||| UPGRADING to +0 leather armour.
  1498 | D:2      | 1498 ||| DROPPING +0 robe.
  1499 | D:2      | 1499 ||| UPGRADING to +5 ring of evasion.
  1500 | D:2      | 1500 ||| READING scroll labelled QATOMO ESEFYUG.
  1501 | D:2      | 1501 ||| READING scroll labelled OBENTAU XOGAECA.
  1520 | D:2      | 1520 ||| READING scroll labelled FYTRAR TUXT.
  1590 | D:3      | Found a blossoming altar of Fedhas.
  1614 | D:3      | Found an opulent altar of Gozag.
  1677 | D:3      | Reached XP level 5. HP: 29/30 MP: 6/6
  1681 | D:3      | Reached skill level 5 in Ranged Weapons
  1683 | D:3      | 1683 ||| FLEEEEING.
  1684 | D:3      | 1684 ||| FLEEEEING.
  1685 | D:3      | 1685 ||| FLEEEEING.
  1686 | D:3      | 1686 ||| FLEEEEING.
  1687 | D:3      | 1687 ||| FLEEEEING.
  1692 | D:3      | 1692 ||| FLEEEEING.
  1693 | D:3      | 1693 ||| FLEEEEING.
  1694 | D:3      | 1694 ||| FLEEEEING.
  1695 | D:3      | 1695 ||| FLEEEEING.
  1696 | D:3      | 1696 ||| FLEEEEING.
  1697 | D:3      | 1697 ||| FLEEEEING.
  1698 | D:3      | 1698 ||| FLEEEEING.
  1699 | D:3      | 1699 ||| FLEEEEING.
  1700 | D:3      | 1700 ||| FLEEEEING.
  1701 | D:3      | 1701 ||| FLEEEEING.
  1983 | D:3      | 1983 ||| UPGRADING to +0 ring mail.
  1993 | D:3      | 1993 ||| DROPPING +0 leather armour.
  1994 | D:3      | 1994 ||| DROPPING amulet of magic regeneration.
  1995 | D:3      | 1995 ||| READING 2 scrolls labelled HOCVOASIEF.
  1996 | D:3      | 1996 ||| READING 2 scrolls of identify.
  1996 | D:3      | 1996 ||| IDENTIFYING fuming red potion
  1997 | D:3      | 1997 ||| DROPPING scroll of vulnerability.
  1998 | D:3      | 1998 ||| DROPPING potion of lignification.
  2014 | D:4      | Reached skill level 1 in Armour
  2080 | D:4      | Reached skill level 3 in Fighting
  2080 | D:4      | Reached XP level 6. HP: 22/37 MP: 7/7
  2087 | D:4      | Killed from afar by an orc priest

Levels and vault maps discovered:
D:1:      tarquinn_simple_flora_water_b, layout_basic
D:2:      kennysheep_the_goblin_king, layout_basic, basic_altar
D:3:      layout_rooms, mainiacjoe_overflow_alcove_1,
          mainiacjoe_overflow_chevrons, kennysheep_generic_room_2
D:4:      minmay_chambers_of_fours, layout_rooms, serial_shops,
          nicolae_shop_tiny_statue_garden, ebering_ghost_disaster_area,
          hangedman_decor_diamond_cutter

Skill      XL: |  1  2  3  4  5 |
---------------+----------------+-----
Ranged Weapons | 3 4 5 |  5.0
Fighting       | 2 3 |  3.3
Armour         | 1 |  1.3
Dodging        | |  1.5
Spellcasting   | |  1.0
Hexes          | |  2.6

Action                     |  1- 3 |  4- 6 || total
---------------------------+-------+-------++-------
   Fire: Sling             |   101 |    99 ||   200
    Use: Scroll            |     4 |     5 ||     9
 Armour: Robe              |    19 |     5 ||    24
         Leather armour    |       |     5 ||     5
  Dodge: Dodged            |    23 |    37 ||    60

Table legend:
 A = Non-vault XP
 B = Vault XP
 C = Vault XP percentage of total XP
 D = Non-vault monster count
 E = Vault monster count
 F = Vault count percentage of total count
                 A         B        C        D         E       F
            +---------+---------+-------+---------+---------+-------
      Total |     318 |      15 |   4.5 |      62 |       8 |  11.4
            +---------+---------+-------+---------+---------+-------
        D:1 |      18 |       0 |   0.0 |      14 |       0 |   0.0
        D:2 |      76 |      13 |  14.6 |      20 |       7 |  25.9
        D:3 |     126 |       2 |   1.6 |      22 |       1 |   4.3
        D:4 |      98 |       0 |   0.0 |       6 |       0 |   0.0
            +---------+---------+-------+---------+---------+-------
